NYP
LOWELL SPINNERS @ TRI-CITY VALLEYCATS
05/08/2048
 
TOP OF THE 1ST
Lowell Spinners batting - Pitching for Tri-City ValleyCats : LHP Jason Mitchell
Pitching: LHP Jason Mitchell
Batting: RHB Matt Parker 0-0: Swinging Strike
0-1: Ball
1-1: Swinging Strike
1-2: Ball
2-2: Strikes out swinging, 2-3 out at first.
Batting: SHB Salvador Padilla 0-0: Foul Ball, location: 2F
0-1: Called Strike
0-2: Foul Ball, location: 2F
0-2: Ball
1-2: Strikes out swinging, 2-3 out at first.
Batting: RHB Xavier Joslin 0-0: Ball
1-0: Ball
2-0: Ball
3-0: Base on Balls
Batting: RHB Tony Gallegos 0-0: Ball
1-0: Ball
2-0: Swinging Strike
2-1: Swinging Strike
2-2: Foul Ball, location: 2F
2-2: SINGLE (Groundball, 4MD, EV 103.1 MPH)
Xavier Joslin to second
Batting: RHB Mario Arriero 0-0: Ball
1-0: SINGLE (Line Drive, 3D, EV 95.0 MPH)
Xavier Joslin to third
Tony Gallegos to second
Runner from 3rd tries for Home, SAFE, throw by RF to home
Batting: RHB Mike Strey 0-0: Ball
1-0: Swinging Strike
1-1: Fielders Choice at 2nd, 6-4 (Groundball, 6, EV 79.4 MPH)
Top of the 1st over - 1 run, 2 hits, 0 errors, 2 left on base; Lowell 1 - Tri-City 0
BOTTOM OF THE 1ST
Tri-City ValleyCats batting - Pitching for Lowell Spinners : RHP Austin O'Connor
Pitching: RHP Austin O'Connor
Batting: LHB Bruce Arvizu 0-0: Ground out 4-3 (Groundball, 4, EV 96.9 MPH)
Batting: RHB Drew Coleman 0-0: Swinging Strike
0-1: Ball
1-1: Ball
2-1: Ball
3-1: Foul Ball, location: 2F
3-2: Ground out 4-3 (Groundball, 4, EV 81.9 MPH)
Batting: RHB Dinand Brouwer 0-0: Called Strike
0-1: Ball
1-1: Ball
2-1: Foul Ball, location: 2F
2-2: Foul Ball, location: 2F
2-2: SINGLE (Groundball, 4MD, EV 99.4 MPH)
Batting: RHB Erik Smith 0-0: Ball
1-0: Fly out, F9 (Line Drive, 89M, EV 92.5 MPH)
Bottom of the 1st over - 0 runs, 1 hit, 0 errors, 1 left on base; Lowell 1 - Tri-City 0
TOP OF THE 2ND
Lowell Spinners batting - Pitching for Tri-City ValleyCats : LHP Jason Mitchell
Batting: RHB Willie Camacho 0-0: Ball
1-0: Called Strike
1-1: Ball
2-1: Ball
3-1: Base on Balls
Batting: LHB Robert Gonzalez 0-0: Fielders Choice at 2nd, 3-6 (Groundball, 3, EV 85.6 MPH)
Batting: RHB Jose Molina 0-0: Called Strike
Robert Gonzalez steals 2nd base
0-1: Swinging Strike
0-2: 2-RUN HOME RUN (Flyball, 9D, EV 95.0 MPH), Distance : 365 ft
Batting: RHB Matt Parker 0-0: Called Strike
0-1: Ball
1-1: Fly out, F9 (Flyball, 89S, EV 92.5 MPH)
Batting: SHB Salvador Padilla 0-0: Ball
1-0: Called Strike
1-1: Ball
2-1: Ball
3-1: Base on Balls
Batting: RHB Xavier Joslin 0-0: Called Strike
0-1: Foul Ball, location: 2F
0-2: Strikes out swinging
Top of the 2nd over - 2 runs, 1 hit, 0 errors, 1 left on base; Lowell 3 - Tri-City 0
BOTTOM OF THE 2ND
Tri-City ValleyCats batting - Pitching for Lowell Spinners : RHP Austin O'Connor
Batting: LHB Wade Girard 0-0: Called Strike
0-1: Ball
1-1: Foul Ball, location: 2F
1-2: Foul Ball, location: 2F
1-2: Strikes out swinging
Batting: LHB Tomas de Zeeuw 0-0: Ball
1-0: Foul Ball, location: 2F
1-1: Fly out, F8 (Flyball, 8LS, EV 95.6 MPH)
Batting: RHB Steve Moore 0-0: Called Strike
0-1: Ball
1-1: Ground out 5-3 (Groundball, 56, EV 81.9 MPH)
Bottom of the 2nd over - 0 runs, 0 hits, 0 errors, 0 left on base; Lowell 3 - Tri-City 0
TOP OF THE 3RD
Lowell Spinners batting - Pitching for Tri-City ValleyCats : LHP Jason Mitchell
Batting: RHB Tony Gallegos 0-0: Ground out 5-3 (Groundball, 56, EV 89.4 MPH)
Batting: RHB Mario Arriero 0-0: Called Strike
0-1: Ball
1-1: Foul Ball, location: 2F
1-2: TRIPLE (Flyball, 8RXD, EV 104.4 MPH)
Batting: RHB Mike Strey 0-0: Swinging Strike
0-1: Ball
1-1: Foul Ball, location: 2F
1-2: Foul Ball, location: 2F
1-2: Foul Ball, location: 2F
1-2: Strikes out swinging
Batting: RHB Willie Camacho 0-0: Ball
1-0: Ball
2-0: Called Strike
2-1: Ball
Wild Pitch!
Mario Arriero scores
3-1: Swinging Strike
3-2: Base on Balls
Batting: LHB Robert Gonzalez 0-0: Foul Ball, location: 2F
0-1: Ball
1-1: Ball
2-1: Called Strike
2-2: Strikes out looking
Top of the 3rd over - 1 run, 1 hit, 0 errors, 1 left on base; Lowell 4 - Tri-City 0
BOTTOM OF THE 3RD
Tri-City ValleyCats batting - Pitching for Lowell Spinners : RHP Austin O'Connor
Batting: RHB Jamie Youngs 0-0: Fly out, F6 (Line Drive, 6, EV 75.0 MPH)
Batting: RHB To-wai Chen 0-0: Ball
1-0: Swinging Strike
1-1: Foul Ball, location: 2F
1-2: Ball
2-2: Ground out U3 (Groundball, 3, EV 87.5 MPH)
Batting: LHB Bruce Arvizu 0-0: Called Strike
0-1: Fly out, F8 (Flyball, 8RM, EV 91.9 MPH)
Bottom of the 3rd over - 0 runs, 0 hits, 0 errors, 0 left on base; Lowell 4 - Tri-City 0
TOP OF THE 4TH
Lowell Spinners batting - Pitching for Tri-City ValleyCats : LHP Jason Mitchell
Batting: RHB Jose Molina 0-0: Ball
1-0: Fly out, F9 (Flyball, 9LM, EV 90.6 MPH)
Batting: RHB Matt Parker 0-0: Swinging Strike
0-1: Ball
1-1: Called Strike
1-2: Strikes out swinging
Batting: SHB Salvador Padilla 0-0: Foul Ball, location: 2F
0-1: Ball
1-1: Ball
2-1: Ball
3-1: Swinging Strike
3-2: Base on Balls
Batting: RHB Xavier Joslin 0-0: Ball
1-0: Ball
2-0: Swinging Strike
Passed Ball!
Salvador Padilla to second
2-1: Foul Ball, location: 2F
2-2: Ball
3-2: Foul Ball, location: 2F
3-2: 2-RUN HOME RUN (Flyball, 78XD, EV 104.4 MPH), Distance : 403 ft
Batting: RHB Tony Gallegos 0-0: Called Strike
0-1: Ball
1-1: Ball
2-1: Called Strike
2-2: Ball
3-2: Strikes out looking
Top of the 4th over - 2 runs, 1 hit, 0 errors, 0 left on base; Lowell 6 - Tri-City 0
BOTTOM OF THE 4TH
Tri-City ValleyCats batting - Pitching for Lowell Spinners : RHP Austin O'Connor
Batting: RHB Drew Coleman 0-0: Called Strike
0-1: Ground out U3 (Groundball, 3L, EV 88.8 MPH)
Batting: RHB Dinand Brouwer 0-0: Called Strike
0-1: Foul Ball, location: 2F
0-2: Strikes out looking
Batting: RHB Erik Smith 0-0: Ground out 6-3 (Groundball, 6, EV 94.4 MPH)
Bottom of the 4th over - 0 runs, 0 hits, 0 errors, 0 left on base; Lowell 6 - Tri-City 0
TOP OF THE 5TH
Lowell Spinners batting - Pitching for Tri-City ValleyCats : LHP Jason Mitchell
Batting: RHB Mario Arriero 0-0: Ball
1-0: Swinging Strike
1-1: Ball
2-1: SINGLE (Groundball, 4MD, EV 95.6 MPH)
Batting: RHB Mike Strey 0-0: Fly out, F8 (Flyball, 89D, EV 107.5 MPH)
Batting: RHB Willie Camacho 0-0: Called Strike
0-1: Ball
1-1: Foul Ball, location: 2F
1-2: Ball
2-2: Foul Ball, location: 2F
2-2: Ball
3-2: Base on Balls
Mario Arriero to second
Pitching: RHP Addick Huiberts
Batting: LHB Robert Gonzalez 0-0: Called Strike
0-1: Called Strike
0-2: Strikes out swinging
Batting: RHB Jose Molina 0-0: Ball
1-0: Called Strike
1-1: Called Strike
1-2: Strikes out looking
Top of the 5th over - 0 runs, 1 hit, 0 errors, 2 left on base; Lowell 6 - Tri-City 0
BOTTOM OF THE 5TH
Tri-City ValleyCats batting - Pitching for Lowell Spinners : RHP Austin O'Connor
Batting: LHB Wade Girard 0-0: Ball
1-0: Fly out, F8 (Flyball, 8LD, EV 96.9 MPH)
Batting: LHB Tomas de Zeeuw 0-0: Ball
1-0: Ball
2-0: Foul Ball, location: 2F
2-1: Ball
3-1: SINGLE (Groundball, 34D, EV 106.9 MPH)
Batting: RHB Steve Moore 0-0: Ball
1-0: Swinging Strike
1-1: Ball
2-1: Ball
3-1: Foul Ball, location: 2F
3-2: Foul Ball, location: 2F
3-2: Foul Ball, location: 2F
3-2: Foul Ball, location: 2F
3-2: Base on Balls
Tomas de Zeeuw to second
Batting: RHB Jamie Youngs 0-0: Grounds into double play, 4-6-3 (Groundball, P, EV 91.2 MPH)
Bottom of the 5th over - 0 runs, 1 hit, 0 errors, 1 left on base; Lowell 6 - Tri-City 0
TOP OF THE 6TH
Lowell Spinners batting - Pitching for Tri-City ValleyCats : RHP Addick Huiberts
Batting: RHB Matt Parker 0-0: Swinging Strike
0-1: Swinging Strike
0-2: Ground out 2-3 (Groundball, 2R, EV 72.5 MPH)
Batting: SHB Salvador Padilla 0-0: Called Strike
0-1: Foul Ball, location: 2F
0-2: SINGLE (Groundball, 34D, EV 96.9 MPH)
Batting: RHB Xavier Joslin 0-0: Ball
1-0: Ball
Wild Pitch!
Salvador Padilla to second
2-0: Ball
3-0: Base on Balls
Batting: RHB Tony Gallegos 0-0: Swinging Strike
0-1: SINGLE (Line Drive, 6M, EV 97.5 MPH)
Salvador Padilla to third
Xavier Joslin to second
Runner from 3rd tries for Home, throw by CF and OUT! 8-2
Xavier Joslin to third
Tony Gallegos to second
Pitching: RHP Ryan Hoagland
Batting: RHB Mario Arriero 0-0: Called Strike
0-1: Ball
1-1: Called Strike
1-2: Ball
2-2: Strikes out looking
Top of the 6th over - 0 runs, 2 hits, 0 errors, 2 left on base; Lowell 6 - Tri-City 0
BOTTOM OF THE 6TH
Tri-City ValleyCats batting - Pitching for Lowell Spinners : RHP Austin O'Connor
Batting: RHB To-wai Chen 0-0: Ball
1-0: Fly out, F8 (Flyball, 8LM, EV 87.5 MPH)
Batting: LHB Bruce Arvizu 0-0: Foul Ball, location: 2F
0-1: Ball
1-1: Ball
2-1: Ball
3-1: Base on Balls
Batting: RHB Drew Coleman 0-0: Foul Ball, location: 2F
0-1: Foul Ball, location: 2F
0-2: SINGLE (Groundball, 6MD, EV 110.6 MPH)
Bruce Arvizu to second
Runner from 2nd tries for 3rd, SAFE, throw by CF made to third
Batting: RHB Dinand Brouwer 0-0: Called Strike
0-1: Ball
Drew Coleman is caught stealing 2nd base 2-4
1-1: Ball
2-1: Swinging Strike
2-2: Fly out, F8 (Line Drive, 8RS, EV 95.0 MPH)
Bottom of the 6th over - 0 runs, 1 hit, 0 errors, 1 left on base; Lowell 6 - Tri-City 0
TOP OF THE 7TH
Lowell Spinners batting - Pitching for Tri-City ValleyCats : RHP Ryan Hoagland
Batting: RHB Mike Strey 0-0: Ball
1-0: Ball
2-0: Ground out 5-3 (Groundball, 56, EV 90.6 MPH)
Batting: RHB Willie Camacho 0-0: Ball
1-0: Called Strike
1-1: Foul Ball, location: 2F
1-2: Ball
2-2: SINGLE (Line Drive, 56, EV 103.8 MPH)
Batting: LHB Robert Gonzalez 0-0: DOUBLE (Flyball, 8LD, EV 92.5 MPH)
Willie Camacho to third
Runner from 3rd tries for Home, throw by CF and OUT! 8-6-2
Robert Gonzalez to third
Batting: RHB Jose Molina 0-0: Ball
1-0: Called Strike
1-1: Ball
2-1: DOUBLE (Line Drive, 78M, EV 92.5 MPH)
Robert Gonzalez scores
Pitching: LHP Ruben Rojas
Pinch Hitting: RHB Rogelio Cervantes 0-0: Ball
1-0: Ball
2-0: Swinging Strike
2-1: Foul Ball, location: 2F
2-2: Foul Ball, location: 2F
2-2: Foul Ball, location: 2F
2-2: Ground out 2-3 (Groundball, 2L, EV 69.4 MPH)
Top of the 7th over - 1 run, 3 hits, 0 errors, 1 left on base; Lowell 7 - Tri-City 0
BOTTOM OF THE 7TH
Tri-City ValleyCats batting - Pitching for Lowell Spinners : RHP Austin O'Connor
Now at 2B: Jose Molina
Now at SS: Rogelio Cervantes
Batting: RHB Erik Smith 0-0: Reached on error, E5 (Groundball, 56, EV 88.1 MPH)
Pinch Hitting: LHB Omar Marquez 0-0: Ball
1-0: Called Strike
1-1: Fly out, F8 (Line Drive, 8RM, EV 92.5 MPH)
Pinch Hitting: LHB Lou Toth 0-0: Called Strike
0-1: Called Strike
0-2: Foul Ball, location: 2F
0-2: Ball
1-2: Ball
2-2: Strikes out swinging
Batting: RHB Steve Moore 0-0: Called Strike
0-1: Swinging Strike
0-2: 2-RUN HOME RUN (Flyball, 7LD, EV 98.1 MPH), Distance : 352 ft
Batting: RHB Jamie Youngs 0-0: Ball
1-0: Ball
2-0: Ball
3-0: Base on Balls
Pitching: RHP Armando Berrios
Batting: RHB To-wai Chen 0-0: Ball
Wild Pitch!
Jamie Youngs to second
1-0: Ball
2-0: Ball
3-0: Base on Balls
Batting: LHB Bruce Arvizu 0-0: Ball
1-0: 3-RUN HOME RUN (Line Drive, 89XD, EV 115.6 MPH), Distance : 434 ft
Batting: RHB Drew Coleman 0-0: Ball
1-0: Foul Ball, location: 2F
1-1: Ball
2-1: Ball
3-1: Base on Balls
Batting: RHB Dinand Brouwer 0-0: Called Strike
0-1: Ball
1-1: Called Strike
Drew Coleman steals 2nd base
1-2: Strikes out swinging
Bottom of the 7th over - 5 runs, 2 hits, 1 error, 1 left on base; Lowell 7 - Tri-City 5
TOP OF THE 8TH
Lowell Spinners batting - Pitching for Tri-City ValleyCats : LHP Ruben Rojas
Now in LF: Lou Toth
Now in CF: Bruce Arvizu
Now in RF: Omar Marquez
Batting: SHB Salvador Padilla 0-0: Ball
1-0: Ball
2-0: Ball
3-0: Base on Balls
Batting: RHB Xavier Joslin 0-0: Called Strike
0-1: Ball
1-1: Foul Ball, location: 2F
1-2: Grounds into double play, 6-4-3 (Groundball, 6, EV 91.2 MPH)
Batting: RHB Tony Gallegos 0-0: Ball
1-0: Ball
2-0: Ball
3-0: Called Strike
3-1: Foul Ball, location: 2F
3-2: Base on Balls
Pitching: RHP Robin Yelland
Batting: RHB Mario Arriero 0-0: Ground out 4-3 (Groundball, 34, EV 80.6 MPH)
Top of the 8th over - 0 runs, 0 hits, 0 errors, 1 left on base; Lowell 7 - Tri-City 5
BOTTOM OF THE 8TH
Tri-City ValleyCats batting - Pitching for Lowell Spinners : RHP Armando Berrios
Batting: RHB Erik Smith 0-0: Ball
1-0: Ball
2-0: Swinging Strike
2-1: Foul Ball, location: 2F
2-2: Foul Ball, location: 2F
2-2: Ball
3-2: Foul Ball, location: 2F
3-2: Foul Ball, location: 2F
3-2: Strikes out looking
Batting: LHB Omar Marquez 0-0: Ball
1-0: Ground out 6-3 (Groundball, 6, EV 101.2 MPH)
Batting: LHB Lou Toth 0-0: Swinging Strike
0-1: Swinging Strike
0-2: Strikes out swinging
Bottom of the 8th over - 0 runs, 0 hits, 0 errors, 0 left on base; Lowell 7 - Tri-City 5
TOP OF THE 9TH
Lowell Spinners batting - Pitching for Tri-City ValleyCats : RHP Robin Yelland
Batting: RHB Mike Strey 0-0: Ball
1-0: Ball
2-0: Swinging Strike
2-1: Foul Ball, location: 2F
2-2: Ball
3-2: Foul Ball, location: 2F
3-2: DOUBLE (Flyball, 8LXD, EV 103.1 MPH)
Batting: RHB Willie Camacho 0-0: Ball
1-0: Ball
2-0: Called Strike
2-1: Hit by Pitch
Batting: LHB Robert Gonzalez 0-0: Bunt missed!
0-1: Bunt missed!
0-2: Ball
1-2: Ball
2-2: SINGLE (Groundball, 25, EV 66.9 MPH) (infield hit)
Mike Strey to third
Willie Camacho to second
Batting: RHB Jose Molina 0-0: Ball
Balk!
Mike Strey scores
Willie Camacho to third
Robert Gonzalez to second
1-0: Foul Ball, location: 2F
1-1: SINGLE (Flyball, 8RS, EV 95.0 MPH)
Willie Camacho scores
Robert Gonzalez to third
Runner from 3rd tries for Home, SAFE, throw by CF to home
Jose Molina to second
Pitching: LHP Joey Callanta
Batting: RHB Rogelio Cervantes 0-0: Foul Ball, location: 2F
0-1: SINGLE (Line Drive, 8RS, EV 96.9 MPH)
Jose Molina to third
Batting: SHB Salvador Padilla 0-0: Called Strike
Rogelio Cervantes steals 2nd base
0-1: Ball
1-1: Swinging Strike
1-2: 3-RUN HOME RUN (Flyball, 7D, EV 94.4 MPH), Distance : 354 ft
Batting: RHB Xavier Joslin 0-0: SINGLE (Groundball, 6D, EV 107.5 MPH)
Batting: RHB Tony Gallegos 0-0: Called Strike
0-1: Ball
1-1: Ball
2-1: 2-RUN HOME RUN (Flyball, 9D, EV 96.2 MPH), Distance : 368 ft
Pitching: RHP Tony Barrios
Batting: RHB Mario Arriero 0-0: Ball
1-0: Foul Ball, location: 2F
1-1: SINGLE (Line Drive, 8RS, EV 104.4 MPH)
Pinch Hitting: RHB John Doucette 0-0: Called Strike
0-1: Swinging Strike
0-2: Ground out 6-3 (Groundball, P, EV 89.4 MPH)
Mario Arriero to second
Batting: RHB Willie Camacho 0-0: Swinging Strike
0-1: SINGLE (Line Drive, 9S, EV 86.2 MPH)
Mario Arriero to third
Batting: LHB Robert Gonzalez 0-0: Fly out, F7 (Flyball, 7LM, EV 71.9 MPH)
Runner from 3rd tags up, SCORES, throw by LF
Batting: RHB Jose Molina 0-0: Ball
1-0: Fly out, F9 (Flyball, 9, EV 97.5 MPH)
Top of the 9th over - 9 runs, 9 hits, 0 errors, 1 left on base; Lowell 16 - Tri-City 5
BOTTOM OF THE 9TH
Tri-City ValleyCats batting - Pitching for Lowell Spinners : RHP Armando Berrios
Now at C: John Doucette
Batting: RHB Steve Moore 0-0: Called Strike
0-1: Ball
1-1: Ball
2-1: Ball
3-1: Base on Balls
Pinch Hitting: RHB Darius Mitchell 0-0: Ball
1-0: Called Strike
1-1: Ball
2-1: Foul Ball, location: 2F
2-2: Ball
3-2: Foul Ball, location: 2F
3-2: Grounds into double play, 5-4-3 (Groundball, 56, EV 97.5 MPH)
Pinch Hitting: LHB Aldo Kok 0-0: Foul Ball, location: 2F
0-1: Ball
1-1: Ball
2-1: Ball
3-1: Swinging Strike
3-2: Foul Ball, location: 2F
3-2: Strikes out swinging
Bottom of the 9th over - 0 runs, 0 hits, 0 errors, 0 left on base; Lowell 16 - Tri-City 5
Tuesday, March 28th , 2023 - OOTP Baseball 23.10 Build 110